cohdb
Replays
Latest Replays
All Replays
Popular Replays
Top Player Replays
Match Explorer
How It Works
Community
CoH3 Stats
Reddit
Sign in to upload your games and track your stats! →
Sign in with Steam
Match 42109614
Unlisted
Match 42109614
Overview
Messages
Build Orders
End
Construct Weapon Support Center
Selects Airborne Battlegroup
Selects Pathfinders
Pathfinder Squad
M1919 Machine Gun Team
M1919 Machine Gun Team
Bazooka Squad
Selects Paratrooper Squad Paradrop
Paratrooper Squad Paradrop
Infantry Support Center
Paratrooper Squad Paradrop
Construct Medical Station
Selects Anti-tank Gun Team Paradrop
Construct Tank Depot
Anti-tank Gun Team Paradrop
M4(105) Sherman Bulldozer
AI Takeover
FreeWilly
mordfustang
Mansonfreakss
MightyOstrich
[HAN]Diederick Kastner
Drip
Cow
WrebbsJohnsonGiver
0
0
Comments
sign in to comment!
No comments posted yet!